 Dungeon Crawl Stone Soup version 0.30-a0-385-gfebfb9b408 (webtiles) character file.

Game seed: 354361754546663775

378 bande the Chopper (level 6, 0/39 HPs)
             Began as a Gargoyle Fighter on Dec 3, 2022.
             Slain by Eustachio
             ... wielding a +0 rapier
              (5 damage)
             ... on level 4 of the Dungeon.
             The game lasted 00:05:39 (2642 turns).

bande the Chopper (Gargoyle Fighter)                Turns: 2642, Time: 00:05:40

Health: 0/39       AC: 19    Str: 19    XL:     6   Next: 74%
Magic:  5/5        EV:  5    Int:  9    God:
Gold:   251        SH:  9    Dex: 11    Spells: 5/5 levels left

rFire   . . .      SeeInvis .    a - +0 war axe
rCold   + . .      Faith    .    c - +0 buckler
rNeg    + . .      Spirit   .    q - +0 plate armour
rPois   ∞          Reflect  +    (no helmet)
rElec   +          Harm     .    (no cloak)
rCorr   .          Rampage  .    h - +2 pair of gloves
Will    .....                    (no boots)
Stlth   ..........               l - amulet of reflection
HPRegen 0.26/turn                n - ring of protection from cold
MPRegen 0.09/turn                (no ring)

@: no status effects
A: sickness immunity, AC +4, negative energy resistance 1, electricity
resistance, torment resistance 1, petrification resistance, hooves 1, low MP 1
a: no special abilities


You were on level 4 of the Dungeon.
You visited 1 branch of the dungeon, and saw 4 of its levels.

You collected 251 gold pieces.

Inventory:

Hand Weapons
 a - a +0 war axe (weapon)
 f - a +0 flail
Armour
 c - a +0 buckler (worn)
 h - a +2 pair of gloves (worn)
 q - a +0 plate armour (worn)
Jewellery
 e - a ring of wizardry
 l - an amulet of reflection (around neck)
 n - a ring of protection from cold (left hand)
Wands
 i - a wand of polymorph (3)
Scrolls
 k - a scroll of teleportation
Potions
 b - a potion of flight {unknown}
 d - a potion of might
 g - a potion of haste {unknown}
 o - a potion of cancellation {unknown}
 p - 2 potions of berserk rage
 r - a potion of ambrosia {unknown}


   Skills:
 + Level 4.5 Fighting
 + Level 4.7 Axes
 + Level 4.1 Armour
 + Level 4.3 Shields


You had 5 spell levels left.
You didn't know any spells.
Your spell library contained the following spells:

 Spells                   Type           Power      Damage    Failure   Level
 Shock                    Conj/Air       0%         1d3       100%        1
 Sting                    Tmut/Pois      0%         1d3       100%        1
 Ensorcelled Hibernation  Hex/Ice        0%         N/A       100%        2
 Passwall                 Tmut/Erth      0%         N/A       100%        2
 Swiftness                Air            0%         N/A       100%        3
 Airstrike                Air            0%         2d(0-16)  100%        4


Dungeon Overview and Level Annotations

Branches:
Dungeon (4/15)
 Temple: D:4-7

Altars:
Kikubaaqudgha
Sif Muna
Trog

Shops:
D:1 [   D:4 (

Annotations:
D:4 Eustachio


Innate Abilities, Weirdness & Mutations

You are immune to sickness and miasma.
Your stone body is resilient. (AC +4)
You are immune to poison.
You resist negative energy. (rN+)
You are resistant to electric shocks. (rElec)
You are resistant to unholy torment.
You are immune to petrification.
You have large cloven feet.
Your magical capacity is low. (-10% MP)


Message History

No target in view!
No target in view!
Eustachio the Magnificent comes into view.
He is wielding a +0 rapier and carrying a wand of flame (16).
Eustachio shouts!
Eustachio moves out of view.
No target in view!
No target in view!
Found Eschorph's Antique Weapon Shoppe.
Eustachio zaps a wand.
The puff of flame hits you!
Eustachio screams, "At last I'll have my revenge!"
You slash Eustachio!
Eustachio is moderately wounded.
You block Eustachio's attack. Eustachio hits you but does no damage.
You barely miss Eustachio. You kick Eustachio, but do no damage.
Eustachio is moderately wounded.
Eustachio hits you but does no damage.
You hit Eustachio.
Eustachio is moderately wounded.
Eustachio zaps a wand.
The puff of flame hits you.
You closely miss Eustachio. You kick Eustachio.
Eustachio is moderately wounded.
Eustachio mumbles some strange words.
Eustachio blinks!
Eustachio zaps a wand.
The puff of flame hits you!
You are too injured to fight recklessly!
You are too injured to fight recklessly!
You are too injured to fight recklessly!
You are too injured to fight recklessly!
You are too injured to fight recklessly!
You are too injured to fight recklessly!
You are too injured to fight recklessly!
You are too injured to fight recklessly!
You are too injured to fight recklessly!
You block Eustachio's attack.
You barely miss Eustachio. Your kick misses Eustachio.
Eustachio is moderately wounded.
Eustachio hits you with a +0 rapier!
* * * LOW HITPOINT WARNING * * *
Eustachio hits you with a +0 rapier.
You die...

# ...... #. ....# .
#.. ∩...##.. ####
....)...
.....#####.....#
............(..#
#....###.#
#######.#....$.# #
.......@..####....
...#######..@## .. #..
#.?### #.# #.##
######.#######.######.
#.....................
......................
.........#########.##.
.>.<.....# #


You could see Eustachio.

Vanquished Creatures
  A centaur (D:3)
  2 vampire bats (D:3)
  An orc wizard (D:3)
  4 gnolls (D:3)
  5 adders
  A white imp (D:3)
  8 worms
  3 orcs (D:3)
  6 ball pythons
  3 bat skeletons (D:3)
  3 bat zombies (D:3)
  4 endoplasms
  4 goblins
  10 hobgoblins
  2 jackals (D:2)
  6 quokkas
  7 bats
  3 frilled lizards
  8 kobolds
  3 rats
84 creatures vanquished.

Notes
Turn   | Place    | Note
-------+----------+-------------------------------------------
     0 | D:1      | bande the Gargoyle Fighter began the quest for the Orb.
     0 | D:1      | Reached XP level 1. HP: 14/14 MP: 1/1
   171 | D:1      | Reached XP level 2. HP: 20/20 MP: 2/2
   248 | D:1      | Found Aveus's Antique Armour Shoppe.
   692 | D:2      | Reached XP level 3. HP: 20/24 MP: 3/3
  1085 | D:2      | Reached XP level 4. HP: 29/29 MP: 4/4
  1471 | D:3      | Found a bloodstained altar of Trog.
  1484 | D:3      | Found a shimmering blue altar of Sif Muna.
  1539 | D:3      | Got Sif Muna's Folio of Transmogrification
  1559 | D:3      | Reached XP level 5. HP: 31/33 MP: 5/5
  2037 | D:3      | Noticed a centaur
  2045 | D:3      | Killed a centaur
  2046 | D:3      | Reached XP level 6. HP: 32/39 MP: 6/6
  2188 | D:3      | Found an ancient bone altar of Kikubaaqudgha.
  2606 | D:4      | Gained mutation: Your magical capacity is low. (-10% MP)
                  | [potion of mutation]
  2606 | D:4      | Gained mutation: Your spells are a little harder to cast,
                  | but a little more powerful. [potion of mutation]
  2606 | D:4      | Gained mutation: Armour fits poorly on your strangely
                  | shaped body. [potion of mutation]
  2607 | D:4      | Lost mutation: Armour fits poorly on your strangely shaped
                  | body. [potion of mutation]
  2607 | D:4      | Lost mutation: Your spells are a little harder to cast, but
                  | a little more powerful. [potion of mutation]
  2607 | D:4      | Lost mutation: Your magical capacity is low. (-10% MP)
                  | [potion of mutation]
  2607 | D:4      | Gained mutation: Your magical capacity is low. (-10% MP)
                  | [potion of mutation]
  2607 | D:4      | Gained mutation: You have large cloven feet. [potion of
                  | mutation]
  2631 | D:4      | Noticed Eustachio
  2632 | D:4      | Found Eschorph's Antique Weapon Shoppe.
  2642 | D:4      | Slain by Eustachio

Illustrated notes

Levels and vault maps discovered:
D:1:      dpeg_arrival_leaves_temple_mockup, layout_rooms, serial_curves,
          eino_curves_02, eino_curves_01, serial_shops, shop,
          minmay_misc_feat_more_columns
D:2:      layout_loops_ring
D:3:      layout_basic, nzn_overflow_gifts_of_might_and_magic,
          kennysheep_vampire_church, serial_glass, glass_columns_c,
          glass_columns_a, glass_columns_c, glass_columns_a, glass_columns_c,
          glass_columns_b, glass_columns_a, glass_columns_a, glass_columns_a,
          glass_columns_c, glass_columns_a, glass_columns_a, glass_columns_a,
          glass_columns_a, minmay_circle_x
D:4:      minmay_goblin_kobold_castle, layout_rooms, serial_shops,
          nicolae_take_the_stairs, nicolae_square_shop, shop, uniq_eustachio

Skill      XL: |  1  2  3  4  5 |
---------------+----------------+-----
Axes           | 2 3 4 |  4.7
Fighting       | 4 |  4.5
Armour         | 4 |  4.1
Shields        | 4 |  4.3

Action                   |  1- 3 |  4- 6 || total
-------------------------+-------+-------++-------
Melee: War axe           |   135 |   144 ||   279
       Kick              |       |     3 ||     3
  Use: Scroll            |     1 |     6 ||     7
       Potion            |       |     2 ||     2
Armor: Scale mail        |    89 |    23 ||   112
       Plate armour      |       |    90 ||    90
Dodge: Dodged            |    69 |    39 ||   108
Block: Buckler           |    32 |    69 ||   101
       Reflection        |       |     2 ||     2

Table legend: (Time is in decaauts)
 A = Elapsed time spent in this place.
 B = Non-inter-level travel time spent in this place.
 C = Inter-level travel time spent in this place.
 D = Time resting spent in this place.
 E = Time spent auto-exploring this place.
 F = Levels seen in this place.
 G = Mean time per level.
                   A        B        C        D        E       F      G
               +--------+--------+--------+--------+--------+-----+--------+
         Total |   2749 |   2725 |     24 |    210 |   1805 |   4 |  687.2 |
       Dungeon |   2749 |   2725 |     24 |    210 |   1805 |   4 |  687.2 |
               +--------+--------+--------+--------+--------+-----+--------+

Top non-repeatable levels by time:
     D:3: 1237 daAuts
     D:2: 815 daAuts
     D:1: 633 daAuts
     D:4: 62 daAuts
